 Dungeon Crawl Stone Soup version 0.20.0-15-g7f486f2 (webtiles) character file.

89 Chiseanne the Ducker (level 4, -1/23 HPs)
             Began as a Spriggan Warper on June 25, 2017.
             Slain by an orc
             ... wielding a +0 short sword
              (5 damage)
             ... on level 3 of the Dungeon.
             The game lasted 00:04:40 (2622 turns).

Chiseanne the Ducker (Spriggan Warper)              Turns: 2622, Time: 00:04:41

Health: -1/23      AC:  2    Str:  7    XL:     4   Next: 31%
Magic:  9/9        EV: 20    Int: 15    God:
Gold:   127        SH:  0    Dex: 15    Spells: 1/8 levels left

rFire    . . .     SeeInvis +   a - +2 dagger (venom)
rCold    . . .     Gourm    .   (shield restricted)
rNeg     . . .     Faith    .   b - +0 robe
rPois    .         Spirit   .   (helmet restricted)
rElec    .         Reflect  .   (no cloak)
rCorr    .         Harm     .   (gloves unavailable)
MR       .....                  (boots unavailable)
Stlth    +++.......             (no amulet)
Regen    0.1/turn               j - ring of stealth
MPRegen  0.2/turn               (no ring)

@: very quick
A: unfitting armour, see invisible, herbivore 3, speed 3, slow metabolism 2
a: no special abilities


You were on level 3 of the Dungeon.
You were not hungry.

You visited 1 branch of the dungeon, and saw 3 of its levels.

You collected 127 gold pieces.

Inventory:

Hand Weapons
 a - a +2 dagger of venom (weapon)
 s - a +3 long sword of freezing
Missiles
 e - 5 tomahawks of dispersal (quivered)
 g - 93 stones
 h - 11 poisoned needles
 m - 36 sling bullets
 p - 4 tomahawks
 v - 12 bolts
Armour
 b - a +0 robe (worn)
Jewellery
 j - a ring of stealth (left hand)
Scrolls
 d - 3 scrolls of blinking
 o - a scroll of recharging
Potions
 i - a potion of mutation
 k - a potion of haste {unknown}
 l - a potion of cancellation {unknown}
 n - a potion of invisibility {unknown}
 q - a potion of berserk rage
Books
 c - a book of Spatial Translocations

   Spells                             Type                      Level
   a - Blink                          Translocation                2
   b - Shroud of Golubria             Charms/Translocation         2
   c - Lesser Beckoning               Translocation                3
   d - Gell's Gravitas                Translocation                3
   e - Teleport Other                 Translocation                3
   f - Passage of Golubria            Translocation                4
Comestibles
 f - 2 bread rations
 r - a royal jelly


   Skills:
 * Level 2.3 Fighting
 - Level 2.1 Short Blades
 - Level 1.0 Throwing
 * Level 5.1 Dodging
 * Level 3.6 Stealth
 - Level 2.6 Spellcasting
 - Level 4.4 Translocations


You had one spell level left.
You knew the following spells:

 Your Spells              Type           Power        Failure   Level  Hunger
a - Blink                 Tloc           N/A          4%          2    ##.....
b - Shroud of Golubria    Chrm/Tloc      #.........   13%         2    ##.....
c - Teleport Other        Tloc           ###.....     10%         3    ###....


Dungeon Overview and Level Annotations

Branches:
Dungeon (3/15)

Altars:
Trog


Innate Abilities, Weirdness & Mutations

You are very small and have problems with some larger weapons.
You are too small for most types of armour.
You have supernaturally acute eyesight. (SInv)
You are a herbivore.
You cover ground extremely quickly.
You need consume almost no food.


Message History

You hit the hobgoblin but do no damage.
The hobgoblin is poisoned.
The hobgoblin closely misses you.
You kill the hobgoblin!
The orc hits you with a hand axe! The orc completely misses you.
You hit the orc.
The orc is poisoned.
The orc is heavily wounded.
The orc hits you but does no damage.
You kill the orc!
The kobold completely misses you.
You closely miss the kobold. The kobold barely misses you.
You hit the kobold.
You kill the kobold!
You hit the orc but do no damage.
The orc is poisoned.
The orc hits you with a short sword.
* * * LOW HITPOINT WARNING * * *
You hit the orc.
The orc looks as sick as possible!
The orc is lightly wounded.
The orc hits you with a short sword.
You die...

,,,,,,,,,,,,,,,,.................
,,,,*************..#####.....##..
,*,,,* *#.## #.....##.# ,***,*
#####..# #.....##.# ,*,,,*
#......# #.....##.# ,*,*****
#.###..## #.....##.# **,,,,,*
#...#...# #.....##+# ,*,*,*,*
*#####.#.#.# #.........
,*,*,*,*###....#@#.#.# #.........
,,,*,*,,,...*#.#o#.#.###.........
,*,*,***##.<*#.#.#.#..#####......
,,,*,***#..###.#.#.##.## #......
,*,*,*,,#......#)#.....# #......
,*,*+*,,#)o.Ko...####..# #......
,,,.......######.####..# #......
**,.......* ###.....# #......
,+,......#* #.###.# #......


You could see an orc.

Vanquished Creatures
  2 adders (D:2)
  A worm (D:2)
  4 dart slugs (D:1)
  A leopard gecko (D:3)
  3 orcs (D:3)
  6 bats
  3 giant cockroaches
  7 goblins
  4 hobgoblins
  4 jackals (D:2)
  5 kobolds
  10 frilled lizards
  3 rats
53 creatures vanquished.

Notes
Turn   | Place    | Note
-------+----------+-------------------------------------------
     0 | D:1      | Chiseanne the Spriggan Warper began the quest for the Orb.
     0 | D:1      | Reached XP level 1. HP: 10/10 MP: 5/5
   124 | D:1      | Reached skill level 1 in Stealth
   243 | D:1      | Reached skill level 4 in Dodging
   243 | D:1      | Reached XP level 2. HP: 15/15 MP: 6/6
   826 | D:1      | Learned a level 2 spell: Blink
   829 | D:1      | Learned a level 2 spell: Shroud of Golubria
   910 | D:2      | Reached XP level 3. HP: 11/18 MP: 8/8
  1329 | D:2      | Found a bloodstained altar of Trog.
  2200 | D:2      | Reached XP level 4. HP: 23/23 MP: 9/9
  2383 | D:3      | Reached skill level 5 in Dodging
  2568 | D:3      | Learned a level 3 spell: Teleport Other
  2622 | D:3      | Slain by an orc

Skill      XL: |  1  2  3  4 |
---------------+-------------+-----
Stealth        | 1 2 3 |  3.6
Dodging        | 4 5 |  5.1
Fighting       | 2 |  2.3
Short Blades   | |  2.1
Throwing       | |  1.0
Spellcasting   | |  2.6
Translocations | |  4.4

Action                   |  1- 3 |  4- 6 || total
-------------------------+-------+-------++-------
Melee: Short sword       |   119 |       ||   119
       Long sword        |     7 |       ||     7
       Dagger            |    15 |    41 ||    56
  Use: Scroll            |     7 |     5 ||    12
 Stab: Sleeping          |    13 |     6 ||    19
Armor: Robe              |    12 |     1 ||    13
Dodge: Dodged            |   106 |    22 ||   128
       Rpst.: Long sword |     1 |       ||     1
